BSA
NEW ORLEANS LOOTERS @ TORONTO TITANS
09/14/2025
 
TOP OF THE 1ST
New Orleans Looters batting - Pitching for Toronto Titans : LHP Carlos Tavárez
Pitching: LHP Carlos Tavárez
Batting: LHB David Richardson 0-0: Ground out 1-3 (Groundball, 13S)
Batting: RHB Luis Alou 0-0: Called Strike
0-1: Foul Ball, location: 2F
0-2: Ball
1-2: Ball
2-2: Foul Ball, location: 2F
2-2: Foul Ball, location: 2F
2-2: Ball
3-2: Foul Ball, location: 2F
3-2: Hit by Pitch
Batting: RHB Stephen Shaw 0-0: Ball
1-0: Ball
2-0: Grounds into double play, 6-4-3 (Groundball, 6)
Top of the 1st over - 0 run(s), 0 hit(s), 0 error(s), 0 left on base; New Orleans 0 - Toronto 0
BOTTOM OF THE 1ST
Toronto Titans batting - Pitching for New Orleans Looters : RHP Anthony O'Connor
Pitching: RHP Anthony O'Connor
Batting: SHB Álex Rosado 0-0: Ground out 3-1 (Groundball, 3)
Batting: LHB Lewis Barr 0-0: Called Strike
0-1: Fly out, F7 (Line Drive, 7M)
Batting: SHB Juan Gómez 0-0: Called Strike
0-1: Foul Ball, location: 2F
0-2: Ball
1-2: Ball
2-2: Ball
3-2: Foul Ball, location: 2F
3-2: Foul Ball, location: 2F
3-2: Ground out 6-3 (Groundball, 56)
Bottom of the 1st over - 0 run(s), 0 hit(s), 0 error(s), 0 left on base; New Orleans 0 - Toronto 0
TOP OF THE 2ND
New Orleans Looters batting - Pitching for Toronto Titans : LHP Carlos Tavárez
Batting: LHB Taylor Smith 0-0: Called Strike
0-1: Ball
1-1: Ball
2-1: Fly out, F6 (Popup, 4MD)
Batting: SHB Nate Rhodes 0-0: Ball
1-0: Ball
2-0: Ball
3-0: Called Strike
3-1: Base on Balls
Batting: LHB Justino Salas 0-0: Grounds into double play, 5-4-3 (Groundball, 56)
Top of the 2nd over - 0 run(s), 0 hit(s), 0 error(s), 0 left on base; New Orleans 0 - Toronto 0
BOTTOM OF THE 2ND
Toronto Titans batting - Pitching for New Orleans Looters : RHP Anthony O'Connor
Batting: LHB José Rodríguez 0-0: Called Strike
0-1: Ball
1-1: Ball
2-1: Foul Ball, location: 2F
2-2: Ball
3-2: SOLO HOME RUN (Line Drive, 9D), Distance : 348 ft
Batting: LHB Kent MacDulothe 0-0: Ball
1-0: Ball
2-0: SOLO HOME RUN (Flyball, 9LD), Distance : 309 ft
Batting: RHB Chris Parker 0-0: Swinging Strike
0-1: Swinging Strike
0-2: Foul Ball, location: 2F
0-2: Ball
1-2: Ball
2-2: Strikes out swinging
Batting: RHB Carlos Pérez 0-0: Called Strike
0-1: Foul Ball, location: 2F
0-2: Strikes out looking
Batting: RHB Jim Tracy 0-0: Foul Ball, location: 2F
0-1: Foul Ball, location: 2F
0-2: SINGLE (Groundball, 34D)
Batting: RHB Alberto Velásquez 0-0: Ball
1-0: Ball
2-0: Swinging Strike
2-1: Foul Ball, location: 2F
2-2: Ball
3-2: Fly out, F9 (Line Drive, 89M)
Bottom of the 2nd over - 2 run(s), 3 hit(s), 0 error(s), 1 left on base; New Orleans 0 - Toronto 2
TOP OF THE 3RD
New Orleans Looters batting - Pitching for Toronto Titans : LHP Carlos Tavárez
Batting: RHB Rubén Vázquez 0-0: Called Strike
0-1: Ball
1-1: Foul Ball, location: 2F
1-2: Fly out, F6 (Line Drive, 6)
Batting: RHB Dominic Turner 0-0: Foul Ball, location: 2F
0-1: Fly out, F2 (Popup, 2LF)
Batting: RHB Carl Brown 0-0: Called Strike
0-1: Ball
1-1: Called Strike
1-2: Foul Ball, location: 2F
1-2: Strikes out swinging
Top of the 3rd over - 0 run(s), 0 hit(s), 0 error(s), 0 left on base; New Orleans 0 - Toronto 2
BOTTOM OF THE 3RD
Toronto Titans batting - Pitching for New Orleans Looters : RHP Anthony O'Connor
Batting: SHB Álex Rosado 0-0: SINGLE (Line Drive, 78S)
Batting: LHB Lewis Barr 0-0: Ball
1-0: Grounds into double play, 5-4-3 (Groundball, 5L)
Batting: SHB Juan Gómez 0-0: Foul Ball, location: 2F
0-1: Fly out, F8 (Flyball, 8LS)
Bottom of the 3rd over - 0 run(s), 1 hit(s), 0 error(s), 0 left on base; New Orleans 0 - Toronto 2
TOP OF THE 4TH
New Orleans Looters batting - Pitching for Toronto Titans : LHP Carlos Tavárez
Batting: LHB David Richardson 0-0: Ball
1-0: SOLO HOME RUN (Flyball, 78XD), Distance : 380 ft
Batting: RHB Luis Alou 0-0: Called Strike
0-1: Foul Ball, location: 2F
0-2: Ball
1-2: Foul Ball, location: 2F
1-2: Ball
2-2: Ball
3-2: Base on Balls
Batting: RHB Stephen Shaw 0-0: Called Strike
0-1: Ball
1-1: Ground out 5-3 (Groundball, 5S)
Luis Alou to second
Batting: LHB Taylor Smith 0-0: Swinging Strike
0-1: Ball
1-1: Foul Ball, location: 2F
1-2: Ground out 4-3 (Groundball, 34)
Luis Alou to third
Batting: SHB Nate Rhodes 0-0: Ball
1-0: Called Strike
1-1: Ball
2-1: Foul Ball, location: 2F
2-2: Strikes out swinging
Top of the 4th over - 1 run(s), 1 hit(s), 0 error(s), 1 left on base; New Orleans 1 - Toronto 2
BOTTOM OF THE 4TH
Toronto Titans batting - Pitching for New Orleans Looters : RHP Anthony O'Connor
Batting: LHB José Rodríguez 0-0: Foul Ball, location: 2F
0-1: Ball
1-1: Ball
2-1: Foul Ball, location: 2F
2-2: Strikes out swinging
Batting: LHB Kent MacDulothe 0-0: Fly out, F5 (Popup, 15)
Batting: RHB Chris Parker 0-0: Ball
1-0: Foul Ball, location: 2F
1-1: Foul Ball, location: 2F
1-2: Foul Ball, location: 2F
1-2: Ball
2-2: Foul Ball, location: 2F
2-2: Ball
3-2: Base on Balls
Batting: RHB Carlos Pérez 0-0: Foul Ball, location: 2F
0-1: Foul Ball, location: 2F
0-2: Foul Ball, location: 2F
0-2: Foul Ball, location: 2F
0-2: Ball
1-2: Foul Ball, location: 2F
1-2: Strikes out swinging
Bottom of the 4th over - 0 run(s), 0 hit(s), 0 error(s), 1 left on base; New Orleans 1 - Toronto 2
TOP OF THE 5TH
New Orleans Looters batting - Pitching for Toronto Titans : LHP Carlos Tavárez
Batting: LHB Justino Salas 0-0: Fly out, F7 (Flyball, 7LMF)
Batting: RHB Rubén Vázquez 0-0: Foul Ball, location: 2F
0-1: Ball
1-1: Swinging Strike
1-2: Ground out 6-3 (Groundball, 6)
Batting: RHB Dominic Turner 0-0: Ball
1-0: Ground out 4-3 (Groundball, 4M)
Top of the 5th over - 0 run(s), 0 hit(s), 0 error(s), 0 left on base; New Orleans 1 - Toronto 2
BOTTOM OF THE 5TH
Toronto Titans batting - Pitching for New Orleans Looters : RHP Anthony O'Connor
Batting: RHB Jim Tracy 0-0: Hit by Pitch
Batting: RHB Alberto Velásquez 0-0: Ball
1-0: Called Strike
1-1: Foul Ball, location: 2F
1-2: Foul Ball, location: 2F
1-2: Grounds into double play, 6-4-3 (Groundball, 6)
Batting: SHB Álex Rosado 0-0: Ball
1-0: Swinging Strike
1-1: Called Strike
1-2: Strikes out swinging
Bottom of the 5th over - 0 run(s), 0 hit(s), 0 error(s), 0 left on base; New Orleans 1 - Toronto 2
TOP OF THE 6TH
New Orleans Looters batting - Pitching for Toronto Titans : LHP Carlos Tavárez
Batting: RHB Carl Brown 0-0: Foul Ball, location: 2F
0-1: Ball
1-1: Ball
2-1: Foul Ball, location: 2F
2-2: Foul Ball, location: 2F
2-2: Fly out, F3 (Popup, 3)
Batting: LHB David Richardson 0-0: Called Strike
0-1: Swinging Strike
0-2: Strikes out swinging
Batting: RHB Luis Alou 0-0: Ball
1-0: Called Strike
1-1: Swinging Strike
1-2: Strikes out swinging passed ball, reaches first!
Batting: RHB Stephen Shaw 0-0: Ball
1-0: Ground out 1-3 (Groundball, 13)
Top of the 6th over - 0 run(s), 0 hit(s), 0 error(s), 1 left on base; New Orleans 1 - Toronto 2
BOTTOM OF THE 6TH
Toronto Titans batting - Pitching for New Orleans Looters : RHP Anthony O'Connor
Batting: LHB Lewis Barr 0-0: Called Strike
0-1: Called Strike
0-2: Foul Ball, location: 2F
0-2: Ball
1-2: Strikes out looking
Batting: SHB Juan Gómez 0-0: Foul Ball, location: 2F
0-1: Ball
1-1: Swinging Strike
1-2: Foul Ball, location: 2F
1-2: Ball
2-2: Ball
3-2: Foul Ball, location: 2F
3-2: Strikes out swinging
Batting: LHB José Rodríguez 0-0: Called Strike
0-1: Ball
1-1: Ball
2-1: Called Strike
2-2: Strikes out swinging
Bottom of the 6th over - 0 run(s), 0 hit(s), 0 error(s), 0 left on base; New Orleans 1 - Toronto 2
TOP OF THE 7TH
New Orleans Looters batting - Pitching for Toronto Titans : LHP Carlos Tavárez
Batting: LHB Taylor Smith 0-0: Ball
1-0: Fly out, F3 (Popup, 3F)
Batting: SHB Nate Rhodes 0-0: Called Strike
0-1: Called Strike
0-2: Ball
1-2: Ball
2-2: Ground out 6-3 (Groundball, 6)
Batting: LHB Justino Salas 0-0: Ball
1-0: Ball
2-0: Called Strike
2-1: Foul Ball, location: 2F
2-2: Strikes out swinging
Top of the 7th over - 0 run(s), 0 hit(s), 0 error(s), 0 left on base; New Orleans 1 - Toronto 2
BOTTOM OF THE 7TH
Toronto Titans batting - Pitching for New Orleans Looters : RHP Anthony O'Connor
Pitching: RHP Keith Harper
Batting: LHB Kent MacDulothe 0-0: Ball
1-0: Ball
2-0: SINGLE (Line Drive, 4M)
Batting: RHB Chris Parker 0-0: Called Strike
0-1: Grounds into double play, 6-4-3 (Groundball, 6)
Batting: RHB Carlos Pérez 0-0: Ball
1-0: Ground out 6-3 (Groundball, 6M)
Bottom of the 7th over - 0 run(s), 1 hit(s), 0 error(s), 0 left on base; New Orleans 1 - Toronto 2
TOP OF THE 8TH
New Orleans Looters batting - Pitching for Toronto Titans : LHP Carlos Tavárez
Pitching: LHP Steve Paredes
Now in CF: Sadao Kimura
Batting: RHB Rubén Vázquez 0-0: Ball
1-0: SINGLE (Groundball, 34S)
Pitching: RHP David Lester
Batting: RHB Dominic Turner 0-0: Bunt missed!
0-1: Bunted foul
0-2: Ball
1-2: Strikes out swinging
Pinch Hitting: RHB Jimmy Simon 0-0: SINGLE (Groundball, 34)
Rubén Vázquez to second
Runner from 2nd tries for 3rd, SAFE, throw made to third
Batting: LHB David Richardson 0-0: Called Strike
0-1: Ball
1-1: Called Strike
1-2: Strikes out looking
Pinch Hitting: LHB Lorenzo Quintanilla 0-0: Ball
Wild Pitch!
Rubén Vázquez scores
Jimmy Simon to second
1-0: Ball
2-0: Ball
3-0: Called Strike
3-1: SINGLE (Flyball, 7LS)
Jimmy Simon to third
Runner from 3rd tries for Home, SAFE, no throw or cutoff
Batting: RHB Stephen Shaw 0-0: Foul Ball, location: 2F
0-1: Foul Ball, location: 2F
0-2: SINGLE (Line Drive, 9LS)
Lorenzo Quintanilla to second
Batting: LHB Taylor Smith 0-0: Called Strike
0-1: Called Strike
0-2: Ground out 1-3 (Groundball, 13S)
Top of the 8th over - 2 run(s), 4 hit(s), 0 error(s), 2 left on base; New Orleans 3 - Toronto 2
BOTTOM OF THE 8TH
Toronto Titans batting - Pitching for New Orleans Looters : RHP Keith Harper
Pitching: RHP Marty Bradford
Now at 3B: Gustavo Ortíz
Now at SS: Miguel Castillo
Batting: RHB Jim Tracy 0-0: Ball
1-0: Foul Ball, location: 2F
1-1: DOUBLE (Flyball, 9LD)
Batting: RHB Alberto Velásquez 0-0: Ball
1-0: Called Strike
1-1: Swinging Strike
1-2: Foul Ball, location: 2F
1-2: Foul Ball, location: 2F
1-2: Ball
2-2: SINGLE (Flyball, 89S)
Jim Tracy to third
Pitching: RHP Roy March
Batting: SHB Álex Rosado 0-0: Ball
1-0: Foul Ball, location: 2F
1-1: Ball
2-1: Ground out 3-1 (Groundball, 34S)
Alberto Velásquez to second
Batting: LHB Lewis Barr 0-0: Ball
1-0: Ball
2-0: SINGLE (Groundball, 6M)
Jim Tracy scores
Alberto Velásquez to third
Runner from 3rd tries for Home, SAFE, throw made home
Lewis Barr to second
Batting: SHB Juan Gómez 0-0: Foul Ball, location: 2F
0-1: Foul Ball, location: 2F
0-2: Strikes out looking
Batting: LHB José Rodríguez 0-0: Ball
1-0: SINGLE (Groundball, 4MD) (infield hit)
Lewis Barr to third
Batting: RHB Sadao Kimura 0-0: Called Strike
0-1: Called Strike
0-2: Strikes out swinging
Bottom of the 8th over - 2 run(s), 4 hit(s), 0 error(s), 2 left on base; New Orleans 3 - Toronto 4
TOP OF THE 9TH
New Orleans Looters batting - Pitching for Toronto Titans : RHP David Lester
Pitching: LHP Roberto Vázquez
Batting: SHB Nate Rhodes 0-0: Called Strike
0-1: Ball
1-1: Called Strike
1-2: DOUBLE (Flyball, 78D)
Batting: LHB Justino Salas 0-0: DOUBLE (Line Drive, 9LD)
Nate Rhodes scores
Batting: RHB Rubén Vázquez 0-0: Ball
1-0: Ground out 1-3 (Groundball, 13S)
Justino Salas to third
Batting: RHB Dominic Turner 0-0: Intentional Walk
Batting: LHB Miguel Castillo 0-0: Called Strike
0-1: Bunted foul
0-2: Ball
1-2: Foul Ball, location: 2F
1-2: Ball
2-2: Strikes out swinging
Pinch Hitting: RHB Ángel Castaneda 0-0: Ball
1-0: Foul Ball, location: 2F
1-1: Foul Ball, location: 2F
1-2: Strikes out swinging
Top of the 9th over - 1 run(s), 2 hit(s), 0 error(s), 2 left on base; New Orleans 4 - Toronto 4
BOTTOM OF THE 9TH
Toronto Titans batting - Pitching for New Orleans Looters : RHP Roy March
Pitching: LHP Juan Méndez
Now in CF: Domingo Martínez
Batting: RHB Chris Parker 0-0: SOLO HOME RUN (Line Drive, 8LXD), Distance : 431 ft
This league is powered by Out of the Park Baseball, the baseball management simulation game for PC, Mac and Linux
Tuesday, August 2nd, 2016 - OOTP Baseball 16.8 Build 38